 Dungeon Crawl Stone Soup version 0.28-a0-674-gdaf460b524 (webtiles) character file.

Game seed: 16590558503935462041

14 demibob the Skirmisher (level 2, 26/26 HPs)
             Began as a Gnoll Wanderer on Oct 17, 2021.
             Was a Follower of Kikubaaqudgha.
             Quit the game on level 1 of the Dungeon.
             The game lasted 00:00:42 (945 turns).

demibob the Skirmisher (Gnoll Wanderer)              Turns: 945, Time: 00:00:43

Health: 26/26      AC:  2    Str: 14    XL:     2   Next: 45%
Magic:  5/5        EV: 12    Int:  7    God:    Kikubaaqudgha [*.....]
Gold:   24         SH:  0    Dex: 12    Spells: 5/6 levels left

rFire   + . .      SeeInvis .   a - +0 club
rCold   + . .      Faith    .   (no shield)
rNeg    . . .      Spirit   .   b - +0 robe
rPois   .          Reflect  .   (no helmet)
rElec   .          Harm     .   e - scarf {rC+ rF+}
rCorr   .          Rampage  .   (no gloves)
Will    .....                   (no boots)
Stlth   ++........              (no amulet)
HPRegen 0.08/turn               (no ring)
MPRegen 0.09/turn               (no ring)

@: no status effects
A: fangs 1, strong nose, distributed training
a: Renounce Religion, Receive Corpses


You were on level 1 of the Dungeon.
You worshipped Kikubaaqudgha.
Kikubaaqudgha was aware of your devotion.
You visited 1 branch of the dungeon, and saw 1 of its levels.

You collected 24 gold pieces.


Innate Abilities, Weirdness & Mutations

You have very sharp teeth.
Your uncanny sense of smell can sniff out nearby items.
Your experience applies equally to all skills.


   Skills:
 + Level 4.5 Fighting
 + Level 0.4 Short Blades
 + Level 0.4 Long Blades
 + Level 0.4 Axes
 + Level 0.4 Maces & Flails
 + Level 0.4 Polearms
 + Level 0.4 Staves
 + Level 0.4 Slings
 + Level 0.4 Bows
 + Level 0.4 Crossbows
 + Level 0.4 Throwing
 + Level 0.4 Armour
 + Level 2.5 Dodging
 + Level 2.2 Stealth
 + Level 2.5 Shields
 + Level 0.4 Unarmed Combat
 + Level 2.7 Spellcasting
 + Level 0.2 Conjurations
 + Level 0.2 Hexes
 + Level 0.2 Summonings
 + Level 0.2 Necromancy
 + Level 0.2 Translocations
 + Level 0.2 Transmutations
 + Level 0.2 Fire Magic
 + Level 3.7 Ice Magic
 + Level 3.7 Air Magic
 + Level 0.2 Earth Magic
 + Level 0.2 Poison Magic
 + Level 0.5 Invocations
 + Level 0.4 Evocations


You had 5 spell levels left.
You knew the following spells:

 Your Spells              Type           Power      Damage    Failure   Level
z - Shock                 Conj/Air       12%        1d3       16%         1

Your spell library contained the following spells:

 Spells                   Type           Power      Damage    Failure   Level
 Corpse Rot               Necr/Air       6%         N/A       24%         2
 Static Discharge         Conj/Air       3%         N/A       24%         2
 Swiftness                Air            6%         N/A       24%         3
 Pain                     Necr           4%         1d4       32%         1
 Sublimation of Blood     Necr           0%         N/A       43%         2
 Airstrike                Air            3%         N/A       61%         4
 Vampiric Draining        Necr           0%         2d6       67%         3

Inventory:

Hand Weapons
 a - a +0 club (weapon)
Armour
 b - a +0 robe (worn)
 e - a scarf of resistance (worn)
Scrolls
 f - a scroll of enchant weapon {unknown}
Potions
 c - a potion of lignification
 d - a potion of haste {unknown}

Dungeon Overview and Level Annotations

Branches:
Dungeon (1/15)

Altars:
Kikubaaqudgha

#.##..................#.#
#.##...÷.........#.#.##.#
#.##...........#.#.#.#..#
...........#####.#.#.#.###
.......########..#.#.....#
.......# #..........#.#
.......# #...░....#.#.#
#+#....# #..░.░...#.#.# #
#....# ░.@.░.####.# #
#.#### #..░.░.......# #
... #...░...###### #.###
#.......# # ####...## .
#..## #.## #l #


There were no monsters in sight!


Message History

You miss the frilled lizard. The frilled lizard bites you.
* * * LOW HITPOINT WARNING * * *
The frilled lizard misses you. The frilled lizard closely misses you.
You hit the frilled lizard but do no damage.
You bite the frilled lizard.
You kill the frilled lizard!
The frilled lizard bites you.
* * * LOW HITPOINT WARNING * * *
The frilled lizard bites you.
* * * LOW HITPOINT WARNING * * *
You closely miss the frilled lizard.
The frilled lizard bites you but does no damage.
You closely miss the frilled lizard. You bite the frilled lizard.
You kill the frilled lizard!
You start resting.
HP restored.
Found a faded altar of an unknown god.
A frilled lizard comes into view.
There is a faded altar of an unknown god here.
You cannot tell which god this altar belongs to.
Convert to them anyway?
Okay, then.
You cannot tell which god this altar belongs to.
Convert to them anyway?
Okay, then.
You cannot tell which god this altar belongs to.
Convert to them anyway?
Kikubaaqudgha accepts your prayer! Kikubaaqudgha welcomes you!
You can now receive cadavers from Kikubaaqudgha.
Kikubaaqudgha grants you a gift!
You add the spells Pain, Sublimation of Blood, Corpse Rot and Vampiric Draining to your library.
Are you sure you want to abandon this character and quit the game? (Confirm with "yes".)

Action                   || total
-------------------------++-------
Melee: Club              ||    61
       Bite              ||     5
 Stab: Sleeping          ||     1
Armor: Robe              ||    16
Dodge: Dodged            ||    61

Levels and vault maps discovered:
D:1:      lemuel_arrival_muddy, layout_basic,
          chequers_ecumenical_altar_simple_redux, minmay_hexomino_u4

Notes
Turn   | Place    | Note
-------+----------+-------------------------------------------
     0 | D:1      | demibob the Gnoll Wanderer began the quest for the Orb.
     0 | D:1      | demibob set off with the following items: a +0 club, a +0
                  | robe, a potion of lignification; and the following spell
                  | memorised: Shock; and the following spells available to
                  | memorise: Swiftness, Static Discharge, Airstrike
     0 | D:1      | Reached XP level 1. HP: 20/20 MP: 4/4
   148 | D:1      | Reached XP level 2. HP: 10/26 MP: 5/5
   359 | D:1      | Identified a scarf of resistance
   929 | D:1      | Found a faded altar of an unknown god.
   944 | D:1      | Prayed at the altar of an unknown god.
   944 | D:1      | Became a worshipper of Kikubaaqudgha
   944 | D:1      | Reached * piety under Kikubaaqudgha
   944 | D:1      | Received a gift from Kikubaaqudgha
   945 | D:1      | Quit the game

Vanquished Creatures
  2 endoplasms (D:1)
  A giant cockroach (D:1)
  A goblin (D:1)
  2 jackals (D:1)
  2 ball pythons (D:1)
  3 bats (D:1)
  2 frilled lizards (D:1)
  2 rats (D:1)
15 creatures vanquished.

Table legend: (Time is in decaauts)
 A = Elapsed time spent in this place.
 B = Non-inter-level travel time spent in this place.
 C = Inter-level travel time spent in this place.
 D = Time resting spent in this place.
 E = Time spent auto-exploring this place.
 F = Levels seen in this place.
 G = Mean time per level.
                   A        B        C        D        E       F      G
               +--------+--------+--------+--------+--------+-----+--------+
         Total |    965 |    965 |      0 |    654 |    178 |   1 |  965.0 |
       Dungeon |    965 |    965 |      0 |    654 |    178 |   1 |  965.0 |
               +--------+--------+--------+--------+--------+-----+--------+

Top non-repeatable levels by time:
     D:1: 965 daAuts

Table legend:
 A = Non-vault XP
 B = Vault XP
 C = Vault XP percentage of total XP
 D = Non-vault monster count
 E = Vault monster count
 F = Vault count percentage of total count
                 A         B        C        D         E       F
            +---------+---------+-------+---------+---------+-------
      Total |      21 |       0 |   0.0 |      15 |       0 |   0.0
            +---------+---------+-------+---------+---------+-------
        D:1 |      21 |       0 |   0.0 |      15 |       0 |   0.0
            +---------+---------+-------+---------+---------+-------
